 Dungeon Crawl Stone Soup version 0.25.0-15-gac7dcb8919 (webtiles) character file.

Game seed: 14959382886826925397

123 protoss039 the Digger (level 4, -1/24 HPs)
             Began as a Deep Elf Earth Elementalist on June 29, 2020.
             Slain by Grinder (4 damage)
             ... on level 3 of the Dungeon.
             The game lasted 00:05:56 (2278 turns).

protoss039 the Digger (Deep Elf Earth Elementalist) Turns: 2278, Time: 00:05:57

Health: -1/24      AC:  3    Str:  2 (5)  XL:     4   Next: 80%
Magic:  6/12       EV: 13    Int: 20 (21) God:
Gold:   158        SH:  0    Dex: 14 (15) Spells: 6/12 levels left

rFire    . . .     SeeInvis .   m - -2 rapier (curse)
rCold    . . .     Gourm    .   (no shield)
rNeg     . . .     Faith    .   c - +0 robe
rPois    .         Spirit   .   (no helmet)
rElec    .         Reflect  .   k - +0 cloak
rCorr    .         Harm     .   (no gloves)
MR       .....                  (no boots)
Stlth    ++........             (no amulet)
HPRegen  0.08/turn              (no ring)
MPRegen  0.13/turn              (no ring)

@: no status effects
A: no striking features
a: no special abilities


You were on level 3 of the Dungeon.
You were not hungry.

You visited 1 branch of the dungeon, and saw 3 of its levels.

You collected 158 gold pieces.

Inventory:

Hand Weapons
 e - a +0 short sword
 m - a cursed -2 rapier (weapon)
Missiles
 b - 65 stones (quivered)
Armour
 c - a +0 robe (worn)
 k - a +0 cloak (worn)
Jewellery
 g - a cursed amulet of inaccuracy {unknown}
Wands
 o - a wand of acid (8)
Scrolls
 f - a scroll of blinking
 i - a scroll of teleportation
Potions
 a - a potion of cancellation
 j - a potion of mutation {unknown}
 l - a potion of degeneration
 n - a potion of lignification {unknown}
Comestibles
 d - 3 rations
 h - 5 chunks of flesh


   Skills:
 - Level 2.4 Dodging
 - Level 2.4 Stealth
 * Level 4.9 Spellcasting
 + Level 1.1 Transmutations
 * Level 5.1 Earth Magic


You had 6 spell levels left.
You knew the following spells:

 Your Spells              Type           Power        Failure   Level  Hunger
a - Sandblast             Erth           ####..       1%          1    None
b - Passwall              Tmut/Erth      ###.....     4%          2    #......
c - Stone Arrow           Conj/Erth      ###...       12%         3    ##.....

Your spell library contained the following spells:

 Spells                   Type           Power        Failure   Level  Hunger
 Petrify                  Tmut/Erth      ###.....     32%         4    ####...
 Lee's Rapid Deconstruct  Erth           ####......   36%         5    ######.


Dungeon Overview and Level Annotations

Branches:
Dungeon (3/15)

Altars:
Cheibriados
Makhleb
Qazlal
Ru
Trog
Xom
Zin
The Shining One

Annotations:
D:2 exclusion: centaur
D:3 Grinder


Message History

Unknown command.
Unknown command.
Casting: Sandblast (safe; 1% risk of failure)
Confirm with . or Enter, or press ? or * to list all spells.
Aiming: Sandblast (safe; 1% risk of failure)
Press: ? - help, Shift-Dir - straight line, f/p - Grinder
Aim: Grinder (moderately wounded)
The blast of sand hits Grinder.
Grinder is moderately wounded.
b - 65 stones Grinder gestures at you.
Pain shoots through your body!
* * * LOW HITPOINT WARNING * * *
Unknown command.
Unknown command.
It was a potion of degeneration.
There was something very wrong with that liquid.
You feel weakened.
You feel dopey.
You feel clumsy. Grinder hits you.
You die...

..##.÷.............#.#
..##...............#.#
..##.....#...........##.
..##....................
..##....................
.>....#......(..........
......#.......#.........
......#.......#.##......
......#........5@....##
..... #.##...........#
...##...........#
............#......
.#.......#...##.
#...†)..#.....
.........(....###
.##.............
#.......###.##


You could see Grinder.

Vanquished Creatures
  Robin (D:2)
  4 adders
  A worm (D:2)
  A dart slug (D:1)
  2 orcs (D:3)
  4 bats
  2 giant cockroaches
  16 goblins
  12 hobgoblins
  5 jackals (D:3)
  A quokka (D:3)
  7 frilled lizards
  6 kobolds
  4 rats
66 creatures vanquished.

Notes
Turn   | Place    | Note
-------+----------+-------------------------------------------
     0 | D:1      | protoss039 the Deep Elf Earth Elementalist began the quest
                  | for the Orb.
     0 | D:1      | Reached XP level 1. HP: 10/10 MP: 6/6
   706 | D:1      | Noticed an ogre
   745 | D:1      | Reached XP level 2. HP: 12/15 MP: 6/8
  1094 | D:2      | Reached skill level 4 in Earth Magic
  1099 | D:2      | Learned a level 2 spell: Passwall
  1190 | D:2      | Reached XP level 3. HP: 19/19 MP: 8/10
  1393 | D:2      | Noticed a centaur
  1572 | D:2      | Found a sacrificial altar of Ru.
  1572 | D:2      | Found a burning altar of Makhleb.
  1579 | D:2      | Found a glowing golden altar of the Shining One.
  1579 | D:2      | Found a bloodstained altar of Trog.
  1579 | D:2      | Found a shimmering altar of Xom.
  1581 | D:2      | Found a glowing silver altar of Zin.
  1582 | D:2      | Found a stormy altar of Qazlal.
  1583 | D:2      | Found a snail-covered altar of Cheibriados.
  1736 | D:2      | Noticed Robin
  1742 | D:2      | Reached XP level 4. HP: 24/24 MP: 6/12
  1894 | D:2      | Killed Robin
  2016 | D:3      | Reached skill level 5 in Earth Magic
  2134 | D:3      | Learned a level 3 spell: Stone Arrow
  2261 | D:3      | Noticed Grinder
  2270 | D:3      | Paralysed by Grinder for 7 turns
  2278 | D:3      | Slain by Grinder

Illustrated notes

Levels and vault maps discovered:
D:1:      evilmike_arrival_come_back, layout_basic, serial_forest,
          infiniplex_forest_zigzag_1, infiniplex_forest_lined_3,
          infiniplex_forest_end_3, infiniplex_forest_lined_2,
          infiniplex_forest_lined_room_3, infiniplex_forest_lined_room_,
          infiniplex_forest_clump_small
D:2:      layout_rooms, minitemple, uniq_robin
D:3:      layout_basic, uniq_grinder

Skill      XL: |  1  2  3  4 |
---------------+-------------+-----
Earth Magic    | 4 5 |  5.1
Spellcasting   | 4 |  4.9
Dodging        | |  2.4
Stealth        | |  2.4
Transmutations | |  1.1

Action                   |  1- 3 |  4- 6 || total
-------------------------+-------+-------++-------
Melee: Short sword       |     5 |       ||     5
       Rapier            |       |     6 ||     6
 Cast: Sandblast         |    48 |    47 ||    95
  Use: Scroll            |     3 |     1 ||     4
       Potion            |       |     1 ||     1
  Eat: Chunk             |     2 |     2 ||     4
Armor: Robe              |     6 |     9 ||    15
Dodge: Dodged            |     9 |    18 ||    27
